 Dungeon Crawl Stone Soup version 0.24-a0-500-g46574c2197 (webtiles) character file.

Game seed: 14875490235246193334

212 Akello the Magician (level 5, -1/35 HPs)
             Began as a Mummy Wizard on July 15, 2019.
             Slain by a bullfrog (2 damage)
             ... on level 3 of the Dungeon.
             The game lasted 00:07:29 (4077 turns).

Akello the Magician (Mummy Wizard)                  Turns: 4077, Time: 00:07:29

Health: -1/35      AC:  2    Str: 10    XL:     5   Next: 58%
Magic:  1/12       EV: 12    Int: 18    God:
Gold:   250        SH:  0    Dex: 11    Spells: 3/14 levels left

rFire    . . .     SeeInvis .   j - +0 whip (elec)
rCold    + . .     Gourm    .   (no shield)
rNeg     + + +     Faith    .   a - +0 robe
rPois    ∞         Spirit   .   b - +0 hat
rElec    .         Reflect  .   (no cloak)
rCorr    .         Harm     .   (no gloves)
MR       .....                  (no boots)
Stlth    ++........             (no amulet)
HPRegen  0.11/turn              k - ring of protection from fire
MPRegen  0.13/turn              (no ring)

@: very slightly contaminated
A: no food or potions, fire vulnerability, cold resistance 1, negative energy
resistance 3, torment resistance, unbreathing
a: no special abilities


You were on level 3 of the Dungeon.
You were not hungry.

You visited 1 branch of the dungeon, and saw 4 of its levels.

You collected 250 gold pieces.

Inventory:

Hand Weapons
 c - a +0 dagger
 j - a +0 whip of electrocution (weapon)
Missiles
 e - 136 stones (quivered)
Armour
 a - a +0 robe (worn)
 b - a +0 hat (worn)
 o - a +0 buckler
Jewellery
 k - a ring of protection from fire (left hand)
Scrolls
 d - 2 scrolls of identify
 g - 3 scrolls of remove curse {unknown}
 h - 2 scrolls of random uselessness {unknown}
 i - 2 scrolls of immolation {unknown}
 l - 2 scrolls of enchant weapon {unknown}
 m - a scroll of enchant armour {unknown}
 n - a scroll of blinking {unknown}


   Skills:
 - Level 1.5 Dodging
 - Level 1.5 Stealth
 + Level 5.4 Spellcasting
 * Level 3.6 Conjurations
 + Level 1.3 Summonings
 - Level 0.7 Translocations


You had 3 spell levels left.
You knew the following spells:

 Your Spells              Type           Power        Failure   Level  Hunger
a - Magic Dart            Conj           ###.         2%          1    N/A
b - Blink                 Tloc           N/A          14%         2    N/A
c - Call Imp              Summ           #.......     12%         2    N/A
d - Conjure Flame         Conj/Fire      ##......     19%         3    N/A
e - Mephitic Cloud        Conj/Pois/Air  #.......     24%         3    N/A

Your spell library contained the following spells:

 Spells                   Type           Power        Failure   Level  Hunger
 Slow                     Hex            #.......     19%         2    N/A

Dungeon Overview and Level Annotations

Branches:
Dungeon (4/15)
 Temple: D:4-7

Altars:
Zin
The Shining One

Annotations:
D:4 Robin


Innate Abilities, Weirdness & Mutations

You do not eat or drink.
Your flesh is vulnerable to fire.
You are immune to poison.
Your flesh is cold resistant. (rC+)
You are immune to negative energy. (rN+++)
You are immune to unholy pain and torment.
You can survive without breathing.


Message History

* * * LOW HITPOINT WARNING * * *
You climb upwards.
There is a stone staircase leading down here.
The bullfrog hits you!
* * * LOW HITPOINT WARNING * * *
Casting: Blink (safe; 14% risk of failure)
Confirm with . or Enter, or press ? or * to list all spells.
A beastly little devil appears in a puff of frigid air.
The bullfrog closely misses you.
Your white imp gestures at the bullfrog.
The puff of frost hits the bullfrog!
The bullfrog barely misses you.
Casting: Call Imp (safe; 12% risk of failure)
Confirm with . or Enter, or press ? or * to list all spells.
Aiming: Magic Dart (safe; 2% risk of failure)
Press: ? - help, Shift-Dir - straight line, f - bullfrog
Aim: a bullfrog (heavily wounded)
The magic dart hits the bullfrog.
The bullfrog is severely wounded.
The bullfrog hits you.
You die...

.....#
###................#.#
####.#
#..........#..(.......
#.#
#.######...#.#######.#
#.# #.# ###...#.#
####.# #.#
##.####.......# ##.##.#
####.#
#.............###......
.....#
#..####................
###..# #..#
#..........(#.##.# #..#
#..# #@##...####.#.##.#
#..######..# #F###..#
#.#.##.# #..........#
#.# #..####.#.##.#
####.######.## #5#
#.........##.#
.......†!...# #>#
#............#
############# #.#
#######.###### #.# #)#
#.#########.#
#...........#


You could see a bullfrog and a friendly white imp.

Vanquished Creatures
  A hound (D:3)
  7 adders
  2 worms
  7 dart slugs
  3 leopard geckos
  A ball python (D:2)
  4 giant cockroaches
  8 goblins
  12 hobgoblins
  A quokka (D:2)
  10 bats
  7 frilled lizards
  5 kobolds
  A leopard gecko skeleton (D:4)
  6 rats
75 creatures vanquished.

Vanquished Creatures (collateral kills)
  A worker ant (D:4)
  2 dart slugs (D:4)
  A leopard gecko (D:3)
  A goblin (D:2)
  2 jackals (D:3)
  A kobold (D:3)
8 creatures vanquished.

Grand Total: 83 creatures vanquished

Notes
Turn   | Place    | Note
-------+----------+-------------------------------------------
     0 | D:1      | Akello the Mummy Wizard began the quest for the Orb.
     0 | D:1      | Reached XP level 1. HP: 13/13 MP: 5/5
    18 | D:1      | Reached skill level 1 in Conjurations
   388 | D:1      | Reached XP level 2. HP: 19/19 MP: 4/7
  1241 | D:2      | Reached XP level 3. HP: 24/24 MP: 1/8
  1604 | D:2      | Learned a level 2 spell: Blink
  1607 | D:2      | Learned a level 2 spell: Call Imp
  1611 | D:2      | Learned a level 3 spell: Conjure Flame
  1615 | D:2      | Learned a level 3 spell: Mephitic Cloud
  1710 | D:2      | Reached XP level 4. HP: 23/30 MP: 1/10
  2104 | D:2      | Found a glowing golden altar of the Shining One.
  2415 | D:3      | Reached skill level 5 in Spellcasting
  2513 | D:3      | Found a glowing silver altar of Zin.
  3128 | D:3      | Reached skill level 1 in Summonings
  3128 | D:3      | Reached XP level 5. HP: 26/35 MP: 5/12
  3834 | D:4      | Noticed Robin
  4073 | D:3      | HP: 1/35 [bullfrog (8)]
  4077 | D:3      | Slain by a bullfrog

Levels and vault maps discovered:
D:1:      evilmike_arrival_plus, layout_basic
D:2:      kennysheep_six_static_rooms, layout_rooms, old_standard_altar,
          first_ration
D:3:      layout_loops_ring, overflow_temple_1_default
D:4:      kennysheep_slugbush, layout_basic, xom_redecorated, uniq_robin

Skill      XL: |  1  2  3  4 |
---------------+-------------+-----
Conjurations   | 1 2 3 |  3.6
Spellcasting   | 5 |  5.4
Summonings     | 1 |  1.3
Dodging        | |  1.5
Stealth        | |  1.5
Translocations | |  0.7

Action                   |  1- 3 |  4- 6 || total
-------------------------+-------+-------++-------
Melee: Dagger            |    22 |       ||    22
       Unarmed           |     1 |       ||     1
       Whip              |       |     5 ||     5
 Cast: Magic Dart        |    85 |   132 ||   217
       Call Imp          |       |    11 ||    11
       Blink             |       |     5 ||     5
       Conjure Flame     |       |     1 ||     1
  Use: Scroll            |       |     2 ||     2
Armor: Robe              |     4 |     2 ||     6
Dodge: Dodged            |    31 |    31 ||    62

Table legend:
 A = Non-vault XP
 B = Vault XP
 C = Vault XP percentage of total XP
 D = Non-vault monster count
 E = Vault monster count
 F = Vault count percentage of total count
                 A         B        C        D         E       F
            +---------+---------+-------+---------+---------+-------
      Total |     249 |      55 |  18.1 |      65 |      18 |  21.7
            +---------+---------+-------+---------+---------+-------
        D:1 |      23 |       0 |   0.0 |      11 |       0 |   0.0
        D:2 |      73 |      21 |  22.3 |      23 |       6 |  20.7
        D:3 |     118 |       0 |   0.0 |      25 |       0 |   0.0
        D:4 |      35 |      34 |  49.3 |       6 |      12 |  66.7
            +---------+---------+-------+---------+---------+-------
